 Dungeon Crawl Stone Soup version 0.25-a0-1136-gc1285e62ab (webtiles) character file.

Game seed: 5932352763122100355, levelgen mode: deterministic

142 Delarado the Poker (level 5, -11/41 HPs)
             Began as a Formicid Fighter on May 23, 2020.
             Engulfed by Ijyb's freezing vapour (24 damage)
             ... on level 3 of the Dungeon.
             The game lasted 00:03:36 (2318 turns).

Delarado the Poker (Formicid Fighter)               Turns: 2318, Time: 00:03:37

Health: -11/41     AC:  6    Str: 22    XL:     5   Next: 50%
Magic:  5/5        EV:  8    Int:  7    God:
Gold:   116        SH:  9    Dex: 10    Spells: 4/4 levels left

rFire    + . .     SeeInvis +   a - +0 trident
rCold    . . .     Gourm    .   c - +0 kite shield
rNeg     . . .     Faith    .   b - +0 scale mail
rPois    .         Spirit   .   (helmet unavailable)
rElec    .         Reflect  .   (no cloak)
rCorr    .         Harm     .   (no gloves)
MR       .....                  (no boots)
Stlth    ..........             (no amulet)
HPRegen  0.13/turn              q - ring of protection from fire
MPRegen  0.09/turn              u - ring of see invisible

@: no status effects
A: permanent stasis, dig shafts and tunnels, four strong arms, antennae 3
a: Dig, Shaft Self


You were on level 3 of the Dungeon.
You were not hungry.

You visited 1 branch of the dungeon, and saw 3 of its levels.

You collected 116 gold pieces.

Inventory:

Hand Weapons
 a - a +0 trident (weapon)
Missiles
 j - 11 boomerangs (quivered)
 m - 11 atropa-tipped darts
 n - 22 poisoned darts
Armour
 b - a +0 scale mail (worn)
 c - a +0 kite shield (worn)
Jewellery
 q - a ring of protection from fire (left hand)
 u - a ring of see invisible (right hand)
Scrolls
 h - 2 scrolls of identify {unknown}
 k - 2 scrolls of teleportation {unknown}
 o - a scroll of immolation {unknown}
 p - a scroll of amnesia {unknown}
 v - a scroll of remove curse {unknown}
Potions
 d - 2 potions of might
 e - 4 potions of flight {unknown}
 g - 2 potions of heal wounds {unknown}
 l - a potion of brilliance {unknown}
 r - a potion of lignification {unknown}
 s - a potion of stabbing {unknown}
 t - a potion of haste {unknown}
Comestibles
 f - 8 rations
 i - 2 chunks of flesh


   Skills:
 - Level 3.2 Fighting
 + Level 5.3 Polearms
 - Level 3.2 Armour
 - Level 3.6 Shields


You had 4 spell levels left.
You didn't know any spells.
Your spell library was empty.

Dungeon Overview and Level Annotations

Branches:
Dungeon (3/15)

Altars:
Ashenzari

Annotations:
D:3 Ijyb


Innate Abilities, Weirdness & Mutations

You cannot be hasted, slowed, berserked, paralysed or teleported.
You can dig through walls and to a lower floor.
Your four strong arms can wield two-handed weapons with a shield.
You have a pair of large antennae on your head. (SInv)


Message History

The bat hits you but does no damage. You block Ijyb's attack.
The kobold throws a stone.
The stone hits you.
* * * LOW HITPOINT WARNING * * *
Things that are here:
a stone; a cursed -2 short sword; a +0 chain mail The bat hits you but does no damage.
You hit Ijyb.
Ijyb is moderately wounded.
You block the bat's attack. Ijyb completely misses you.
You hit Ijyb.
Ijyb is heavily wounded.
You block the bat's attack. The bat barely misses you.
Ijyb zaps a wand.
Ijyb creates a blast of freezing vapour!
The bat is engulfed in freezing vapours.
The bat dies!
Your shield and scale mail prevent you from hitting Ijyb.
Ijyb is heavily wounded.
You are engulfed in freezing vapours.
Ouch! That really hurt!
You die...

#.######...#
#........#.##
#..###..###.#####
#☼§##K.## ##.....
#§§#....###.##### #
#§○§.....#.##
##.#####§#.......#
#..§§§.(..#.....#######
.#.§§§@g........)......
#..§#######.###.#######
##. #.# #.# #.# #.# #.#
#.# #.# #.# #.###.#
#.....# #.#####


You could see Ijyb and a kobold.

Vanquished Creatures
  Terence (D:3)
  5 adders
  An ooze (D:3)
  A dart slug (D:3)
  3 worms
  3 leopard geckos
  5 orcs (D:3)
  3 bats
  2 giant cockroaches (D:1)
  6 goblins
  4 hobgoblins
  4 jackals
  2 kobolds
  A quokka (D:3)
  A ball python (D:2)
  2 frilled lizards (D:3)
  A jackal zombie (D:2)
  8 rats
53 creatures vanquished.

Vanquished Creatures (others)
  A bat (D:3)
1 creature vanquished.

Grand Total: 54 creatures vanquished

Notes
Turn   | Place    | Note
-------+----------+-------------------------------------------
     0 | D:1      | Delarado the Formicid Fighter began the quest for the Orb.
     0 | D:1      | Reached XP level 1. HP: 18/18 MP: 1/1
   227 | D:1      | Reached XP level 2. HP: 22/24 MP: 2/2
   564 | D:2      | Reached skill level 3 in Polearms
   637 | D:2      | Reached XP level 3. HP: 27/29 MP: 3/3
  1297 | D:3      | Found a shattered altar of Ashenzari.
  1314 | D:3      | Reached skill level 4 in Polearms
  1314 | D:3      | Reached XP level 4. HP: 23/35 MP: 4/4
  2059 | D:3      | Reached XP level 5. HP: 41/41 MP: 5/5
  2113 | D:3      | Reached skill level 5 in Polearms
  2300 | D:3      | Noticed Terence
  2305 | D:3      | Noticed Ijyb
  2313 | D:3      | Killed Terence
  2318 | D:3      | Engulfed by Ijyb's freezing vapour

Illustrated notes

Levels and vault maps discovered:
D:1:      wheals_arrival_shading, layout_rooms
D:2:      layout_basic, first_ration
D:3:      layout_loops_ring, lemuel_crystal_altar, uniq_ijyb, uniq_terence

Skill      XL: |  1  2  3  4  5 |
---------------+----------------+-----
Polearms       | 3 4 5 |  5.3
Fighting       | |  3.2
Armour         | |  3.2
Shields        | |  3.6

Action                   |  1- 3 |  4- 6 || total
-------------------------+-------+-------++-------
Melee: Trident           |   116 |   117 ||   233
  Eat: Chunk             |     1 |     4 ||     5
Armor: Scale mail        |    27 |    34 ||    61
Dodge: Dodged            |    28 |    55 ||    83
Block: Kite shield       |    47 |    63 ||   110

Table legend:
 A = Non-vault XP
 B = Vault XP
 C = Vault XP percentage of total XP
 D = Non-vault monster count
 E = Vault monster count
 F = Vault count percentage of total count
                 A         B        C        D         E       F
            +---------+---------+-------+---------+---------+-------
      Total |     168 |      36 |  17.6 |      52 |       1 |   1.9
            +---------+---------+-------+---------+---------+-------
        D:1 |      17 |       0 |   0.0 |       9 |       0 |   0.0
        D:2 |      40 |       0 |   0.0 |      14 |       0 |   0.0
        D:3 |     111 |      36 |  24.5 |      29 |       1 |   3.3
            +---------+---------+-------+---------+---------+-------
